 Dungeon Crawl Stone Soup version 0.31-a0-816-gd61d57ddb1 (webtiles) character file.

Game seed: 3188955048899797065

123 Essalna the Conjurer (level 4, -3/30 HPs)
             Began as a Demonspawn Conjurer on Sept 22, 2023.
             Killed from afar by an orc wizard (7 damage)
             ... with a magic dart
             ... on level 3 of the Dungeon.
             The game lasted 00:03:31 (2828 turns).

Essalna the Conjurer (Demonspawn Conjurer)          Turns: 2828, Time: 00:03:31

Health: -3/30      AC:  2    Str:  7    XL:     4   Next: 80%
Magic:  1/9        EV: 12    Int: 21    God:
Gold:   126        SH:  0    Dex: 12    Spells: 7/10 levels left

rFire   . . .        c - +0 dagger
rCold   . . .        (no shield)
rNeg    . . .        a - +0 robe
rPois   .            (no helmet)
rElec   .            (no cloak)
rCorr   .            (no gloves)
SInv    .            (no boots)
Will    .....        (no amulet)
Stlth   ++           (no ring)
HPRegen 0.25/turn    (no ring)
MPRegen 0.11/turn

%: no passive effects
@: no status effects
A: ignite blood 1, spiny 1
a: no special abilities


You were on level 3 of the Dungeon.
You visited 1 branch of the dungeon, and saw 3 of its levels.

You collected 126 gold pieces.

Inventory:

Hand Weapons
 c - a +0 dagger (weapon)
Missiles
 e - 6 atropa-tipped darts
Armour
 a - a +0 robe (worn)
Scrolls
 d - a scroll of vulnerability {unknown}
 f - 2 scrolls of fog {unknown}
 g - 3 scrolls of identify {unknown}
 h - 2 scrolls of blinking {unknown}
 i - 3 scrolls of teleportation {unknown}
 j - a scroll of fear {unknown}
 n - a scroll of enchant weapon {unknown}
Potions
 b - a potion of magic
 k - a potion of ambrosia {unknown}
 l - a potion of haste {unknown}
 m - 3 potions of curing {unknown}
 o - a potion of brilliance {unknown}
 p - a potion of lignification {unknown}
 q - a potion of might {unknown}
 r - a potion of heal wounds {unknown}


   Skills:
 - Level 1.7 Dodging
 - Level 1.7 Stealth
 + Level 3.6 Spellcasting
 + Level 5.2 Conjurations


You had 7 spell levels left.
You knew the following spells:

 Your Spells              Type           Power      Damage    Failure   Level
a - Magic Dart            Conj           100%       1d8       1%          1
b - Searing Ray           Conj           50%        2d6       2%          2

Your spell library contained the following spells:

 Spells                   Type           Power      Damage    Failure   Level
 Dazzling Flash           Conj/Hex       28%        N/A       13%         3
 Ozocubu's Armour         Ice            3%         N/A       36%         3
 Fulminant Prism          Conj/Hex       7%         3d7       38%         4
 Iskenderun's Mystic Bla  Conj/Tloc      14%        2d5       38%         4
 Metabolic Englaciation   Hex/Ice        1%         N/A       98%         5
 Simulacrum               Ice/Necr       1%         N/A       100%        6


Dungeon Overview and Level Annotations

Branches:
Dungeon (3/15)

Altars:
Okawaru

Shops:
D:1 (


Innate Abilities, Weirdness & Mutations

Your demonic aura sometimes causes spilled blood to erupt in flames.
You are partially covered in sharp spines.


Message History

You bump into the rock wall.
You feel less confused.
Casting: Magic Dart (safe; 1% risk of failure)
Confirm with . or Enter, or press ? or * to list all spells.
Aiming: Searing Ray (safe; 2% risk of failure)
Press: ? - help, Shift-Dir - straight line, f - you
Okay, then.
Casting: Searing Ray (safe; 2% risk of failure)
Confirm with . or Enter, or press ? or * to list all spells.
Aiming: Searing Ray (safe; 2% risk of failure)
Press: ? - help, Shift-Dir - straight line (Press . to maintain the ray.)
The searing ray hits something.
You finish channelling your searing ray.
A magic dart appears from out of thin air!
Deactivating autopickup; reactivate with Ctrl-A.
The magic dart hits you.
Casting: Searing Ray (safe; 2% risk of failure)
Confirm with . or Enter, or press ? or * to list all spells.
Okay, then.
Something hits you.
You miss something.
You hear some strange, mumbled words.
A puff of flame appears from out of thin air!
The puff of flame hits you!
You barely miss something. Something hits you.
* * * LOW HITPOINT WARNING * * *
You closely miss something. Something completely misses you.
You hit something but do no damage. Something hits you.
* * * LOW HITPOINT WARNING * * *
You miss something.
You hear some strange, mumbled words.
A magic dart appears from out of thin air!
The magic dart hits you.
* * * LOW HITPOINT WARNING * * *
You hit something but do no damage.
You hear some strange, mumbled words.
A magic dart appears from out of thin air!
The magic dart hits you!
You die...

.###.##.### #...#.....# ...
#####.....# #..... #.....# .(..
#' # ###.....### ... #..
###.........# #.## #...
.##.###.###.## #..## #....
..#.##.......#######...####....
..'^.....###....@{........'....
..#.##...# #.######)...)..#
.##.###..###.# ##...#...##
###.####.....# #...###...## #
#.........## #...........#
########.## #..#.).).#..# +# #
#.# #.##.._..##.# .# #### #.#
#. #.).).#..## .# ...# #.#
#............##.#


There were no monsters in sight!

Vanquished Creatures
  Terence (D:2)
  2 adders (D:3)
  A worm (D:2)
  2 dart slugs
  4 orcs (D:3)
  8 bats
  4 endoplasms
  2 giant cockroaches
  8 goblins
  5 hobgoblins
  A quokka (D:3)
  6 ball pythons
  2 frilled lizards
  2 kobolds
  5 rats
53 creatures vanquished.

Vanquished Creatures (others)
  An orc wizard (D:3)
1 creature vanquished.

Grand Total: 54 creatures vanquished

Notes
Turn   | Place    | Note
-------+----------+-------------------------------------------
     0 | D:1      | Essalna the Demonspawn Conjurer began the quest for the
                  | Orb.
     0 | D:1      | Reached XP level 1. HP: 13/13 MP: 3/3
   121 | D:1      | Gained mutation: Your demonic aura sometimes causes spilled
                  | blood to erupt in flames. [demonic ancestry]
   121 | D:1      | Reached XP level 2. HP: 12/19 MP: 1/5
   848 | D:1      | Found Axas's Antique Weapon Boutique.
  1039 | D:2      | Reached XP level 3. HP: 24/24 MP: 0/7
  1233 | D:2      | Learned a level 2 spell: Searing Ray
  1626 | D:2      | Noticed Terence
  1637 | D:2      | Killed Terence
  1817 | D:2      | Gained mutation: You are partially covered in sharp spines.
                  | [demonic ancestry]
  1817 | D:2      | Reached XP level 4. HP: 30/30 MP: 6/8
  2302 | D:3      | Found an iron altar of Okawaru.
  2304 | D:3      | Reached skill level 5 in Conjurations
  2491 | D:3      | Found a faded altar of an unknown god.
  2828 | D:3      | Killed from afar by an orc wizard

Illustrated notes

Levels and vault maps discovered:
D:1:      heliophobic_arrival_battle_scene, layout_basic, serial_shops,
          nicolae_shop_rolling_square, kennysheep_flooded_box
D:2:      layout_loops_cross, uniq_terence
D:3:      layout_loops_corners, okawaru_ov_weapons_minmay,
          shapermc_ecumenical_altar_flowoftime, skrybe_limestone_x,
          kennysheep_potato

Skill      XL: |  1  2  3  4 |
---------------+-------------+-----
Spellcasting   | 3 |  3.6
Conjurations   | 5 |  5.2
Dodging        | |  1.7
Stealth        | |  1.7

Action                     |  1- 3 |  4- 6 || total
---------------------------+-------+-------++-------
  Melee: Unarmed           |    29 |       ||    29
         Dagger            |     1 |     6 ||     7
   Cast: Magic Dart        |    61 |    33 ||    94
         Searing Ray       |     2 |     1 ||     3
    Use: Potion            |     1 |       ||     1
 Armour: Robe              |    26 |    19 ||    45
  Dodge: Dodged            |    34 |     6 ||    40

Table legend: (Time is in decaauts)
 A = Elapsed time spent in this place.
 B = Non-inter-level travel time spent in this place.
 C = Inter-level travel time spent in this place.
 D = Time resting spent in this place.
 E = Time spent auto-exploring this place.
 F = Levels seen in this place.
 G = Mean time per level.
                   A        B        C        D        E       F      G
               +--------+--------+--------+--------+--------+-----+--------+
         Total |   2830 |   2745 |     85 |      0 |   2450 |   3 |  943.3 |
       Dungeon |   2830 |   2745 |     85 |      0 |   2450 |   3 |  943.3 |
               +--------+--------+--------+--------+--------+-----+--------+

Top non-repeatable levels by time:
     D:1: 1069 daAuts
     D:3: 929 daAuts
     D:2: 831 daAuts
